PA
WALLA WALLA WALLEYE @ ALAMEDA AIRMEN
08/31/2025
 
TOP OF THE 1ST
Walla Walla Walleye batting - Pitching for Alameda Airmen : RHP José Muñóz
Pitching: RHP José Muñóz
Batting: RHB Tom Milligan 0-0: Ball
1-0: Swinging Strike
1-1: Ball
2-1: SINGLE (Groundball, 56D)
Batting: RHB Maik Palen 0-0: Ball
1-0: Ball
2-0: Foul Ball, location: 2F
2-1: Called Strike
2-2: Fly out, F4 (Popup, 4D)
Batting: LHB Michael Malloy 0-0: Called Strike
0-1: Foul Ball, location: 2F
0-2: Ball
1-2: Strikes out looking
Batting: RHB Joe Dundee 0-0: Ball
Throwing error on steal attempt, E2
Tom Milligan to third
1-0: Called Strike
1-1: Fly out, F7 (Flyball, 78S)
Top of the 1st over - 0 run(s), 1 hit(s), 1 error(s), 1 left on base; Walla Walla 0 - Alameda 0
BOTTOM OF THE 1ST
Alameda Airmen batting - Pitching for Walla Walla Walleye : LHP Luis Domínguez
Pitching: LHP Luis Domínguez
Batting: RHB Juan García 0-0: Ball
1-0: Called Strike
1-1: Ball
2-1: Foul Ball, location: 2F
2-2: Strikes out swinging
Batting: LHB Juan Ledezma 0-0: Ball
1-0: Ball
2-0: Ground out 4-3 (Groundball, 4M)
Batting: RHB Fernando Trinidad 0-0: Called Strike
0-1: Ball
1-1: Ball
2-1: Swinging Strike
2-2: Ball
3-2: Strikes out looking
Bottom of the 1st over - 0 run(s), 0 hit(s), 0 error(s), 0 left on base; Walla Walla 0 - Alameda 0
TOP OF THE 2ND
Walla Walla Walleye batting - Pitching for Alameda Airmen : RHP José Muñóz
Batting: LHB Gareth Monahan 0-0: Called Strike
0-1: Called Strike
0-2: Strikes out swinging
Batting: RHB Kenneth Noid 0-0: Ball
1-0: Called Strike
1-1: Foul Ball, location: 2F
1-2: Fly out, F6 (Line Drive, 6)
Batting: LHB Alberto Garza 0-0: Swinging Strike
0-1: Ball
1-1: Foul Ball, location: 2F
1-2: Foul Ball, location: 2F
1-2: Fly out, F8 (Flyball, 8RS)
Top of the 2nd over - 0 run(s), 0 hit(s), 0 error(s), 0 left on base; Walla Walla 0 - Alameda 0
BOTTOM OF THE 2ND
Alameda Airmen batting - Pitching for Walla Walla Walleye : LHP Luis Domínguez
Batting: LHB Jorge Rodríguez 0-0: Called Strike
0-1: Foul Ball, location: 2F
0-2: Ball
1-2: Foul Ball, location: 2F
1-2: Foul Ball, location: 2F
1-2: Strikes out swinging
Batting: LHB Enrique Vásquez 0-0: Ball
1-0: Foul Ball, location: 2F
1-1: Called Strike
1-2: Foul Ball, location: 2F
1-2: Fly out, F4 (Line Drive, 4M)
Batting: RHB Teobaldo Pasquetto 0-0: Ball
1-0: Called Strike
1-1: Ball
2-1: Foul Ball, location: 2F
2-2: Ball
3-2: Fly out, F9 (Flyball, 9S)
Bottom of the 2nd over - 0 run(s), 0 hit(s), 0 error(s), 0 left on base; Walla Walla 0 - Alameda 0
TOP OF THE 3RD
Walla Walla Walleye batting - Pitching for Alameda Airmen : RHP José Muñóz
Batting: SHB David Martínez 0-0: Swinging Strike
0-1: Called Strike
0-2: Strikes out swinging
Batting: RHB Joaquín Villarreal 0-0: Ball
1-0: Swinging Strike
1-1: Foul Ball, location: 2F
1-2: Strikes out looking
Batting: RHB Tom Milligan 0-0: Called Strike
0-1: Called Strike
0-2: Ball
1-2: Strikes out swinging
Top of the 3rd over - 0 run(s), 0 hit(s), 0 error(s), 0 left on base; Walla Walla 0 - Alameda 0
BOTTOM OF THE 3RD
Alameda Airmen batting - Pitching for Walla Walla Walleye : LHP Luis Domínguez
Batting: LHB Armando Carmona 0-0: Ball
1-0: Foul Ball, location: 2F
1-1: Swinging Strike
1-2: Ball
2-2: Fly out, F8 (Flyball, 8LD)
Batting: LHB Bob Maher 0-0: Ball
1-0: Fly out, F7 (Flyball, 7S)
Batting: RHB Javier Marino 0-0: Foul Ball, location: 2F
0-1: Swinging Strike
0-2: Foul Ball, location: 2F
0-2: Strikes out swinging
Bottom of the 3rd over - 0 run(s), 0 hit(s), 0 error(s), 0 left on base; Walla Walla 0 - Alameda 0
TOP OF THE 4TH
Walla Walla Walleye batting - Pitching for Alameda Airmen : RHP José Muñóz
Batting: RHB Maik Palen 0-0: Ball
1-0: Called Strike
1-1: Swinging Strike
1-2: Strikes out swinging
Batting: LHB Michael Malloy 0-0: Ball
1-0: Called Strike
1-1: SINGLE (Groundball, 4D)
Batting: RHB Joe Dundee 0-0: Fly out, F9 (Flyball, 9)
Batting: LHB Gareth Monahan 0-0: Ground out 3-1 (Groundball, 34S)
Top of the 4th over - 0 run(s), 1 hit(s), 0 error(s), 1 left on base; Walla Walla 0 - Alameda 0
BOTTOM OF THE 4TH
Alameda Airmen batting - Pitching for Walla Walla Walleye : LHP Luis Domínguez
Batting: RHB Juan García 0-0: Ball
1-0: Ball
2-0: Called Strike
2-1: Foul Ball, location: 2F
2-2: Fly out, F7 (Flyball, 78D)
Batting: LHB Juan Ledezma 0-0: Called Strike
0-1: Ball
1-1: Called Strike
1-2: Fly out, F6 (Line Drive, 6)
Batting: RHB Fernando Trinidad 0-0: Swinging Strike
0-1: Hit by Pitch
Batting: LHB Jorge Rodríguez 0-0: Called Strike
0-1: Fly out, F7 (Flyball, 78D)
Bottom of the 4th over - 0 run(s), 0 hit(s), 0 error(s), 1 left on base; Walla Walla 0 - Alameda 0
TOP OF THE 5TH
Walla Walla Walleye batting - Pitching for Alameda Airmen : RHP José Muñóz
Batting: RHB Kenneth Noid 0-0: Ball
1-0: Ball
2-0: Ground out 1-3 (Groundball, P)
Batting: LHB Alberto Garza 0-0: SINGLE (Groundball, 6MD)
Batting: SHB David Martínez 0-0: Fielders Choice at 2nd, 6-4 (Groundball, 6)
Batting: RHB Joaquín Villarreal 0-0: Ball
David Martínez steals 2nd base
1-0: Foul Ball, location: 2F
1-1: Ball
2-1: Foul Ball, location: 2F
2-2: Strikes out swinging
Top of the 5th over - 0 run(s), 1 hit(s), 0 error(s), 1 left on base; Walla Walla 0 - Alameda 0
BOTTOM OF THE 5TH
Alameda Airmen batting - Pitching for Walla Walla Walleye : LHP Luis Domínguez
Batting: LHB Enrique Vásquez 0-0: Ball
1-0: Called Strike
1-1: Called Strike
1-2: Ball
2-2: Strikes out looking
Batting: RHB Teobaldo Pasquetto 0-0: Ball
1-0: Foul Ball, location: 2F
1-1: Fly out, F9 (Line Drive, 9)
Batting: LHB Armando Carmona 0-0: Called Strike
0-1: Ball
1-1: Ball
2-1: Foul Ball, location: 2F
2-2: Strikes out swinging, 2-3 out at first.
Bottom of the 5th over - 0 run(s), 0 hit(s), 0 error(s), 0 left on base; Walla Walla 0 - Alameda 0
TOP OF THE 6TH
Walla Walla Walleye batting - Pitching for Alameda Airmen : RHP José Muñóz
Batting: RHB Tom Milligan 0-0: Called Strike
0-1: Swinging Strike
0-2: Hit by Pitch
Batting: RHB Maik Palen 0-0: Bunted foul
0-1: Sac Bunt - play at first, batter OUT! 1-4
Tom Milligan to second
Batting: LHB Michael Malloy 0-0: Ball
1-0: Called Strike
1-1: Called Strike
1-2: Ball
2-2: Ball
3-2: Base on Balls
Batting: RHB Joe Dundee 0-0: Ground out 5-3 (Groundball, 5S)
Tom Milligan to third
Michael Malloy to second
Batting: LHB Gareth Monahan 0-0: Called Strike
0-1: Ball
1-1: Foul Ball, location: 2F
1-2: Ball
2-2: Foul Ball, location: 2F
2-2: Foul Ball, location: 2F
2-2: Ball
3-2: Foul Ball, location: 2F
3-2: Strikes out swinging
Top of the 6th over - 0 run(s), 0 hit(s), 0 error(s), 2 left on base; Walla Walla 0 - Alameda 0
BOTTOM OF THE 6TH
Alameda Airmen batting - Pitching for Walla Walla Walleye : LHP Luis Domínguez
Batting: LHB Bob Maher 0-0: Called Strike
0-1: Swinging Strike
0-2: Foul Ball, location: 2F
0-2: Ball
1-2: Ground out 3-1 (Groundball, 34S)
Batting: RHB Javier Marino 0-0: Foul Ball, location: 2F
0-1: Ball
1-1: Ground out 6-3 (Groundball, 6MS)
Batting: RHB Juan García 0-0: Ball
1-0: Foul Ball, location: 2F
1-1: Foul Ball, location: 2F
1-2: Foul Ball, location: 2F
1-2: Ball
2-2: Ball
3-2: SINGLE (Flyball, 89S)
Batting: LHB Juan Ledezma 0-0: Fly out, F7 (Line Drive, 7LM)
Bottom of the 6th over - 0 run(s), 1 hit(s), 0 error(s), 1 left on base; Walla Walla 0 - Alameda 0
TOP OF THE 7TH
Walla Walla Walleye batting - Pitching for Alameda Airmen : RHP José Muñóz
Pinch Hitting: LHB Jim Unknown 0-0: Called Strike
0-1: Ball
1-1: SINGLE (Groundball, 4D)
Batting: LHB Alberto Garza 0-0: Bunted foul
0-1: Ball
1-1: Ball
2-1: Sac Bunt - play at first, batter OUT! 1-4
Jim Unknown to second
Batting: SHB David Martínez 0-0: Intentional Walk
Batting: RHB Joaquín Villarreal 0-0: DOUBLE (Line Drive, 8LD)
Jim Unknown scores
David Martínez to third
Batting: RHB Tom Milligan 0-0: Called Strike
0-1: Swinging Strike
0-2: Foul Ball, location: 2F
0-2: Strikes out swinging
Batting: RHB Maik Palen 0-0: Foul Ball, location: 2F
0-1: Foul Ball, location: 2F
0-2: Foul Ball, location: 2F
0-2: Ball
1-2: Foul Ball, location: 2F
1-2: Foul Ball, location: 2F
1-2: Foul Ball, location: 2F
1-2: Ground out 5-3 (Groundball, 5L)
Top of the 7th over - 1 run(s), 2 hit(s), 0 error(s), 2 left on base; Walla Walla 1 - Alameda 0
BOTTOM OF THE 7TH
Alameda Airmen batting - Pitching for Walla Walla Walleye : LHP Luis Domínguez
Now at SS: Teofanía Contreras
Batting: RHB Fernando Trinidad 0-0: Ball
1-0: Swinging Strike
1-1: Foul Ball, location: 2F
1-2: Strikes out looking
Batting: LHB Jorge Rodríguez 0-0: Ground out 1-3 (Groundball, P)
Batting: LHB Enrique Vásquez 0-0: Ball
1-0: Ball
2-0: Ball
3-0: Called Strike
3-1: Base on Balls
Batting: RHB Teobaldo Pasquetto 0-0: Called Strike
0-1: Ball
Pickoff Throw to First - Error! E1
Enrique Vásquez to second
1-1: Swinging Strike
1-2: Foul Ball, location: 2F
1-2: Ball
2-2: Foul Ball, location: 2F
2-2: Fly out, F9 (Line Drive, 9)
Bottom of the 7th over - 0 run(s), 0 hit(s), 1 error(s), 1 left on base; Walla Walla 1 - Alameda 0
TOP OF THE 8TH
Walla Walla Walleye batting - Pitching for Alameda Airmen : RHP José Muñóz
Pitching: LHP Billy Mays
Batting: LHB Michael Malloy 0-0: Ball
1-0: Called Strike
1-1: Foul Ball, location: 2F
1-2: Foul Ball, location: 2F
1-2: Ball
2-2: Ball
3-2: Foul Ball, location: 2F
3-2: Hit by Pitch
Batting: RHB Joe Dundee 0-0: Ball
1-0: Called Strike
1-1: Ball
2-1: Called Strike
2-2: Strikes out swinging
Pinch Hitting: RHB Jerry Duke 0-0: Ball
1-0: Foul Ball, location: 2F
1-1: Ball
2-1: Ball
3-1: Called Strike
3-2: DOUBLE (Line Drive, 9LM)
Michael Malloy to third
Michael Malloy scores
Batting: RHB Teofanía Contreras 0-0: Foul Ball, location: 2F
0-1: Foul Ball, location: 2F
0-2: Ball
1-2: Strikes out looking
Batting: LHB Alberto Garza 0-0: Foul Ball, location: 2F
0-1: Ball
1-1: Swinging Strike
1-2: Strikes out swinging
Top of the 8th over - 1 run(s), 1 hit(s), 0 error(s), 1 left on base; Walla Walla 2 - Alameda 0
BOTTOM OF THE 8TH
Alameda Airmen batting - Pitching for Walla Walla Walleye : LHP Luis Domínguez
Pitching: LHP Jim Unknown
Now in LF: Jerry Duke
Batting: LHB Armando Carmona 0-0: Called Strike
0-1: Ball
1-1: Fly out, F7 (Flyball, 7)
Batting: LHB Bob Maher 0-0: Called Strike
0-1: Swinging Strike
0-2: Fly out, F4 (Line Drive, 4)
Batting: RHB Javier Marino 0-0: Ball
1-0: Foul Ball, location: 2F
1-1: Ball
2-1: Ball
3-1: Foul Ball, location: 2F
3-2: Foul Ball, location: 2F
3-2: Foul Ball, location: 2F
3-2: Ground out 6-3 (Groundball, 6)
Bottom of the 8th over - 0 run(s), 0 hit(s), 0 error(s), 0 left on base; Walla Walla 2 - Alameda 0
TOP OF THE 9TH
Walla Walla Walleye batting - Pitching for Alameda Airmen : LHP Billy Mays
Batting: SHB David Martínez 0-0: DOUBLE (Line Drive, 89D)
Batting: RHB Joaquín Villarreal 0-0: Ball
1-0: Swinging Strike
1-1: Ball
2-1: Ball
3-1: Foul Ball, location: 2F
3-2: Strikes out swinging
Batting: RHB Tom Milligan 0-0: Called Strike
0-1: Ball
1-1: Ball
2-1: Swinging Strike
2-2: Ball
3-2: Strikes out swinging
Batting: RHB Maik Palen 0-0: Foul Ball, location: 2F
0-1: Foul Ball, location: 2F
0-2: Ball
1-2: Ball
2-2: Ball
3-2: Base on Balls
Pinch Hitting: RHB Jing-sheng Joo 0-0: Foul Ball, location: 2F
0-1: Foul Ball, location: 2F
0-2: Foul Ball, location: 2F
0-2: Reached on error, E7 (Flyball, 7)
David Martínez scores
Maik Palen to third
Pitching: RHP Alex Ratledge
Batting: RHB Joe Dundee 0-0: Ball
1-0: Called Strike
1-1: Ball
2-1: Foul Ball, location: 2F
2-2: Ball
3-2: DOUBLE (Line Drive, 7LD)
Maik Palen scores
Jing-sheng Joo scores
Batting: RHB Jerry Duke 0-0: Ball
1-0: Ball
2-0: Ball
3-0: Called Strike
3-1: Foul Ball, location: 2F
3-2: Base on Balls
Batting: RHB Teofanía Contreras 0-0: Swinging Strike
0-1: Ball
1-1: Ball
2-1: SINGLE (Line Drive, 89M)
Joe Dundee to third
Jerry Duke to second
Runner from 3rd tries for Home, SAFE, no throw
Batting: LHB Alberto Garza 0-0: Swinging Strike
0-1: Ball
1-1: Ball
2-1: Fielders Choice at 2nd, 4-6 (Groundball, 4)
Top of the 9th over - 4 run(s), 3 hit(s), 1 error(s), 1 left on base; Walla Walla 6 - Alameda 0
BOTTOM OF THE 9TH
Alameda Airmen batting - Pitching for Walla Walla Walleye : LHP Jim Unknown
Now in RF: Carey Heidemann
Batting: RHB Juan García 0-0: Called Strike
0-1: Fly out, F5 (Popup, 5L)
Batting: LHB Juan Ledezma 0-0: Ball
1-0: Ball
2-0: Called Strike
2-1: Swinging Strike
2-2: Strikes out swinging
Batting: RHB Fernando Trinidad 0-0: Called Strike
0-1: Called Strike
0-2: Ball
1-2: Foul Ball, location: 2F
1-2: Foul Ball, location: 2F
1-2: Ball
2-2: Fly out, F9 (Line Drive, 9)
Bottom of the 9th over - 0 run(s), 0 hit(s), 0 error(s), 0 left on base; Walla Walla 6 - Alameda 0
Friday, December 30th, 2016 - OOTP Baseball 17.12 Build 75